 Dungeon Crawl Stone Soup version 0.30-a0-354-g6b83867211 (webtiles) character file.

Game seed: 8242107300520978728

77 Lanoc the Magician (level 4, -4/31 HPs)
             Began as a Djinni Venom Mage on Nov 7, 2022.
             Slain by a river rat (7 damage)
             ... on level 3 of the Dungeon.
             The game lasted 00:03:20 (1875 turns).

Lanoc the Magician (Djinni Venom Mage)              Turns: 1875, Time: 00:03:20

Health: -4/31      AC:  2    Str:  7    XL:     4   Next: 58%
Gold:   64         EV: 12    Int: 19    God:
                   SH:  0    Dex: 13

rFire   + + .      SeeInvis .    c - +2 dagger (freeze)
rCold   x . .      Faith    .    (no shield)
rNeg    . . .      Spirit   .    a - +0 robe
rPois   ∞          Reflect  .    (no helmet)
rElec   .          Harm     .    (no cloak)
rCorr   .          Rampage  .    (no gloves)
Will    .....                    (boots unavailable)
Stlth   ++........               (no amulet)
HPRegen 0.25/turn                h - ring of wizardry
MPRegen 0.00/turn                (no ring)

@: flying, very slightly contaminated
A: sickness immunity, fire resistance 2, cold vulnerability 1, float, innate
caster, HP casting, extra vitality 1
a: no special abilities


You were on level 3 of the Dungeon.
You visited 1 branch of the dungeon, and saw 3 of its levels.

You collected 64 gold pieces.

Inventory:

Hand Weapons
 c - a +2 dagger of freezing (weapon)
Armour
 a - a +0 robe (worn)
Jewellery
 h - a ring of wizardry (left hand)
Scrolls
 g - a scroll of identify
 j - a scroll of acquirement {unknown}
 l - a scroll of blinking {unknown}
 n - a scroll of noise {unknown}
 q - a scroll of immolation {unknown}
Potions
 b - a potion of resistance {unknown}
 d - a potion of haste {unknown}
 e - a potion of mutation {unknown}
 f - a potion of cancellation {unknown}
 k - a potion of degeneration {unknown}
 m - a potion of lignification {unknown}
 o - a potion of ambrosia {unknown}
 p - a potion of might


   Skills:
 - Level 2.2 Dodging
 - Level 1.5 Stealth
 * Level 3.9 Spellcasting


You couldn't memorise any spells.
You knew the following spells:

 Your Spells              Type           Power      Damage    Failure   Level
a - Sting                 Tmut/Pois      72%        1d6       1%          1
b - Poisonous Vapours     Pois/Air       36%        N/A       1%          2
c - Mephitic Cloud        Conj/Pois/Air  18%        N/A       3%          3
d - Olgreb's Toxic Radia  Pois           18%        N/A       11%         4
e - Sandblast             Erth           36%        2d10      1%          1
Your spell library was empty.

Dungeon Overview and Level Annotations

Branches:
Dungeon (3/15)

Altars:


Innate Abilities, Weirdness & Mutations

You are immune to sickness and miasma.
You are immune to poison.
Your flesh is very heat resistant. (rF++)
You are vulnerable to cold. (rC-)
You float through the air rather than walking.
You learn spells naturally, not from books.
Your magical power is your life essence.
You have superior vitality. (+4 MHP)


Message History

Confirm with . or Enter, or press ? or * to list all spells.
Aiming: Sting (safe; 1% risk of failure)
Press: ? - help, Shift-Dir - straight line, f/p - river rat
Aim: a river rat (71% to hit)
The sting hits the river rat but does no damage.
The river rat is poisoned.
The river rat closely misses you.
Casting: Sting (safe; 1% risk of failure)
Confirm with . or Enter, or press ? or * to list all spells.
Aiming: Sting (safe; 1% risk of failure)
Press: ? - help, Shift-Dir - straight line, f/p - river rat
Aim: a river rat (poisoned, 71% to hit)
The sting hits the river rat but does no damage.
The river rat looks even sicker.
* * * LOW HITPOINT WARNING * * *
The river rat barely misses you.
Casting: Sting (safe; 1% risk of failure)
Confirm with . or Enter, or press ? or * to list all spells.
Aiming: Sting (safe; 1% risk of failure)
Press: ? - help, Shift-Dir - straight line, f/p - river rat
Aim: a river rat (very poisoned, 71% to hit)
The sting misses the river rat.
* * * LOW HITPOINT WARNING * * *
The river rat barely misses you.
Casting: Sting (safe; 1% risk of failure)
Confirm with . or Enter, or press ? or * to list all spells.
Aiming: Sting (safe; 1% risk of failure)
Press: ? - help, Shift-Dir - straight line, f/p - river rat
Aim: a river rat (very poisoned, 71% to hit)
The sting hits the river rat but does no damage.
The river rat looks even sicker.
* * * LOW HITPOINT WARNING * * *
The river rat bites you.
* * * LOW HITPOINT WARNING * * *
You hit the river rat. You freeze the river rat.
The river rat is moderately wounded.
The river rat closely misses you.
You hit the river rat but do no damage.
The river rat is heavily wounded.
The river rat bites you!
You die...

,***,* **~##**##~##....######...
,,**,****~~~~~~#~~~#######......#
,,,,,,,,*~~~*~~#~~~#,...........'
,***,*****~**~~##~##,...........#
,,,*,* *~*~~~~#~#,,...........#
,*,,,** *~*~∩~~#~#,,...........#
,***,,* **~**~~##~##,...........#
,* *,,***~~~####~~~#,...........#
,* *,,,**~B~~~~r@~~##############
,***,*,**#~######~##........(....
,,,,,,,,,****,*####.....#########
,***,*,***,**,*#..<.....# *# ,*
*,,,,**,**,*#........# #. ,*
****,**,**,*#........# #. ,*
*,**,**,*#........# #. ,*
*,**,**,*####.##### #. ,*
*,,,,,*,#####.###### #,


You could see a river rat (very poisoned) and a giant cockroach.

Vanquished Creatures
  2 adders (D:2)
  A river rat (D:3)
  A worm (D:2)
  2 dart slugs
  5 endoplasms
  2 giant cockroaches
  5 goblins
  5 hobgoblins
  3 quokkas
  2 ball pythons
  4 bats
  5 kobolds
  2 rats (D:1)
39 creatures vanquished.

Notes
Turn   | Place    | Note
-------+----------+-------------------------------------------
     0 | D:1      | Lanoc the Djinni Venom Mage began the quest for the Orb.
     0 | D:1      | Lanoc set off with the following spells memorised: Sting,
                  | Poisonous Vapours, Mephitic Cloud, Olgreb's Toxic Radiance.
     0 | D:1      | Reached XP level 1. HP: 15/15 MP: 0/0
   268 | D:1      | Reached XP level 2. HP: 17/21 MP: 0/0
   478 | D:1      | Reached skill level 3 in Spellcasting
   635 | D:1      | Reached XP level 3. HP: 24/25 MP: 0/0
   635 | D:1      | Learned a level 1 spell: Sandblast
  1336 | D:2      | Reached XP level 4. HP: 30/31 MP: 0/0
  1875 | D:3      | Slain by a river rat

Illustrated notes

Levels and vault maps discovered:
D:1:      saegor_arrival_simple_a, layout_loops_ring, serial_bayou_crossing
D:2:      layout_loops_ring, eino_tiny_chamber
D:3:      layout_basic, overflow_temple_1_default,
          mainiacjoe_overflow_six_doors_small, okawaru_metal_pillars_1_2,
          gup_sewer_entry_bubbles

Skill      XL: |  1  2 |
---------------+-------+-----
Spellcasting   | 3 |  3.9
Dodging        | |  2.2
Stealth        | |  1.5

Action                   |  1- 3 |  4- 6 || total
-------------------------+-------+-------++-------
Melee: Unarmed           |     3 |       ||     3
       Dagger            |     2 |     8 ||    10
 Cast: Sting             |    69 |    26 ||    95
  Use: Scroll            |       |     3 ||     3
Armor: Robe              |     4 |     3 ||     7
Dodge: Dodged            |    17 |    17 ||    34

Table legend: (Time is in decaauts)
 A = Elapsed time spent in this place.
 B = Non-inter-level travel time spent in this place.
 C = Inter-level travel time spent in this place.
 D = Time resting spent in this place.
 E = Time spent auto-exploring this place.
 F = Levels seen in this place.
 G = Mean time per level.
                   A        B        C        D        E       F      G
               +--------+--------+--------+--------+--------+-----+--------+
         Total |   1873 |   1779 |     94 |      0 |   1471 |   3 |  624.3 |
       Dungeon |   1873 |   1779 |     94 |      0 |   1471 |   3 |  624.3 |
               +--------+--------+--------+--------+--------+-----+--------+

Top non-repeatable levels by time:
     D:1: 921 daAuts
     D:2: 809 daAuts
     D:3: 142 daAuts
